 Dungeon Sprint DCSS version 0.31-a0-716-gc7603755dd (webtiles) character file.

Game seed: 2506619396804079403

841 browni3141 the Grappler (level 7, 0/76 HPs)
             Began as a Troll Fighter on Sept 10, 2023.
             Was an Initiate of Jiyva.
             Killed from afar by Sonja (10 damage)
             ... with an iceblast
             ... in the Dungeon (Sprint I: "Red Sonja").
             The game lasted 00:02:48 (221 turns).

browni3141 the Grappler (Troll Fighter)              Turns: 221, Time: 00:02:49

Health: 0/76       AC:  4    Str: 25    XL:     7   Next: 67%
Magic:  6/6        EV: 10    Int:  4    God:    Jiyva [......]
Gold:   351        SH:  9    Dex: 11    Spells: 6/6 levels left

rFire   . .          .
                       - Unarmed
rCold   . . .        b - +0 kite shield
rNeg    . . .        a - +0 robe
rPois   .            (helmet restricted)
rElec   .            (no cloak)
rCorr   .            (gloves unavailable)
SInv    .            (boots unavailable)
Will    .....        (no amulet)
Stlth   +            (no ring)
HPRegen 1.12/turn    (no ring)
MPRegen 0.10/turn

%: no teleportation
@: mighty, lethally poisoned (0 -> -1), hasted and slowed
A: large, unfitting armour, claws 3, regeneration 1, shaggy fur 1, tough skin 1
a: Renounce Religion


You were in the Dungeon.
You worshipped Jiyva.
Jiyva was noncommittal.
You visited 1 branch You collected 351 gold pieces.

Inventory:

Armour
 a - a +0 robe (worn)
 b - a +0 kite shield (worn)
Wands
 j - a wand of flame (12)
Potions
 d - a potion of curing
 g - 2 potions of magic
 h - a potion of berserk rage


   Skills:
 + Level 6.5 Fighting
 + Level 6.5 Dodging
 + Level 7.0 Shields
 * Level 10.4 Unarmed Combat
 + Level 4.1 Evocations


You had 6 spell levels left.
You didn't know any spells.
Your spell library was empty.

Dungeon Overview and Level Annotations

Branches:
Dungeon (1/1)

Altars:
Cheibriados
Dithmenos
Elyvilon
Fedhas
Gozag
Hepliaklqana
Kikubaaqudgha
Makhleb
Nemelex Xobeh
Okawaru
Qazlal
Ru
Sif Muna
Trog
Uskayaw
Vehumet
Wu Jian
Xom
Yredelemnul
Zin
The Shining One
Jiyva
Lugonu

Shops:
D [

Annotations:
D Sonja


Innate Abilities, Weirdness & Mutations

You are too large for most types of armour.
You have claws for hands.
Your natural rate of healing is unusually fast.
You are covered in fur. (AC +1)
You have tough skin. (AC +1)


Message History

Sonja hits you with a +0 short sword of distortion.
Space warps around you. You block Sonja's attack.
The centaur warrior wields a +0 shortbow.
The centaur warrior shoots an arrow.
The arrow hits you!!
* * * LOW HITPOINT WARNING * * *
A deep troll comes into view.
Unknown command.
Unknown command.
You feel much better.
You feel very sick.
Sonja hits you with a +0 short sword of distortion!
Space warps horribly around you!
* * * LOW HITPOINT WARNING * * *
Sonja misses you.
Sonja hits you with a +0 short sword of distortion.
* * * LOW HITPOINT WARNING * * *
The centaur warrior shoots an arrow.
The arrow hits the shining eye!!
You block Sonja's attack. x2; Sonja barely misses you.
The centaur warrior shoots an arrow.
The arrow hits the floating eye!
You closely miss Sonja.
Sonja is moderately wounded.
You feel sick.
The centaur warrior shoots an arrow.
The arrow hits the floating eye!!
Sonja misses you. Sonja closely misses you.
Sonja hits you with a +0 short sword of distortion.
* * * LOW HITPOINT WARNING * * *
Sonja closely misses you.
Sonja hits you with a +0 short sword of distortion.
* * * LOW HITPOINT WARNING * * *
You block Sonja's attack.
The centaur warrior shoots an arrow.
The arrow hits the floating eye!!
Unknown command.
Blink to where?
Press: ? - help, Dir - move target, p - Sonja
As you read the scroll of blinking, it crumbles to dust.
You feel sick.
Sonja throws a curare-tipped dart.
You block the curare-tipped dart.
Unknown command.
You feel yourself speed up.
You feel sick.
Sonja zaps a wand.
The mass of ice explodes!
The iceblast engulfs you!
You die...

###################
#<.#..'..#..'..#__#
#..)).#..)..#..'..+
#..#####'#####'#__# ##
#..####..#...#.####.§#
#..#__####..##.#§§§.c#
#..#_____##'#_Gc§§§§.+
#⌠⌠#_@∩...'...G#~~§§c#
####_..__##K.#'##+##
#____G###T#(# #######
#.### ,..., G.. ##.##
#+#


You could see Sonja and a neutral shining eye (wandering) (fellow slime).

Vanquished Creatures
  A centaur warrior (D)
  A slime creature (D)
  Sigmund (D)
  A yak (D)
  An ogre (D)
  Ijyb (D)
6 creatures vanquished.

Vanquished Creatures (others)
  A shining eye (D)
  A floating eye (D)
  4 necrophages (D)
  9 jellies (D)
15 creatures vanquished.

Grand Total: 21 creatures vanquished

Notes
Turn   | Place    | Note
-------+----------+-------------------------------------------
     0 | D        | browni3141 the Troll Fighter began the quest for the Orb.
     0 | D        | Reached XP level 1. HP: 22/22 MP: 0/0
     1 | D        | Noticed Ijyb
    12 | D        | Killed Ijyb
    13 | D        | Reached skill level 4 in Unarmed Combat
    13 | D        | Reached XP level 2. HP: 31/31 MP: 1/1
    28 | D        | Noticed an ogre
    33 | D        | Killed an ogre
    34 | D        | Reached skill level 6 in Unarmed Combat
    34 | D        | Reached XP level 3. HP: 39/39 MP: 2/2
    34 | D        | Reached XP level 4. HP: 48/48 MP: 3/3
    46 | D        | Noticed Sigmund
    56 | D        | Killed Sigmund
    57 | D        | Reached skill level 5 in Fighting
    57 | D        | Reached skill level 5 in Dodging
    57 | D        | Reached skill level 5 in Shields
    57 | D        | Reached skill level 7 in Unarmed Combat
    57 | D        | Reached XP level 5. HP: 44/57 MP: 4/4
    79 | D        | Found a burning altar of Makhleb.
    79 | D        | Found a viscous altar of Jiyva.
    79 | D        | Found a shimmering altar of Xom.
    79 | D        | Found a corrupted altar of Lugonu.
    79 | D        | Noticed a slime creature
    87 | D        | Killed a slime creature
    88 | D        | Reached skill level 9 in Unarmed Combat
    88 | D        | Reached XP level 6. HP: 48/67 MP: 5/5
   107 | D        | Became a worshipper of Jiyva Jibaorph the Shapeless
   109 | D        | Found an ornate altar of the Wu Jian Council.
   109 | D        | Found a shimmering blue altar of Sif Muna.
   111 | D        | Found a radiant altar of Vehumet.
   112 | D        | Noticed a centaur warrior
   113 | D        | Noticed a centaur warrior
   118 | D        | Killed a floating eye
   121 | D        | Found Tyerho's Antique Armour Emporium.
   121 | D        | Found an ancient bone altar of Kikubaaqudgha.
   121 | D        | Found a hazy altar of Hepliaklqana.
   121 | D        | Found a stormy altar of Qazlal.
   121 | D        | Found a hide-covered altar of Uskayaw.
   121 | D        | Found a blossoming altar of Fedhas.
   121 | D        | Found a bloodstained altar of Trog.
   121 | D        | Found an iron altar of Okawaru.
   121 | D        | Found a basalt altar of Yredelemnul.
   121 | D        | Found a glowing golden altar of the Shining One.
   121 | D        | Found a snail-covered altar of Cheibriados.
   121 | D        | Found a sacrificial altar of Ru.
   121 | D        | Found a glowing silver altar of Zin.
   121 | D        | Found a shadowy altar of Dithmenos.
   121 | D        | Found a white marble altar of Elyvilon.
   121 | D        | Noticed a yak
   127 | D        | Killed a yak
   128 | D        | Reached XP level 7. HP: 71/75 MP: 6/6
   128 | D        | Found an opulent altar of Gozag.
   129 | D        | Found a sparkling altar of Nemelex Xobeh.
   153 | D        | Killed a centaur warrior
   154 | D        | Reached skill level 10 in Unarmed Combat
   204 | D        | Noticed a shining eye
   204 | D        | Noticed a shining eye
   204 | D        | Noticed a shining eye
   206 | D        | Noticed Sonja
   214 | D        | Killed a shining eye
   217 | D        | Noticed a shining eye
   217 | D        | Noticed a deep troll
   221 | D        | Killed from afar by Sonja

Illustrated notes

Levels and vault maps discovered:
D:        dungeon_sprint_1 [red_sonja_temple_1, red_sonja_temple_small_1]

Skill      XL: |  1  2  3  4  5  6  7 |
---------------+----------------------+-----
Fighting       | 3 4 5 6 |  6.5
Dodging        | 3 4 5 6 |  6.5
Shields        | 3 4 5 6 7 |  7.0
Unarmed Combat | 4 6 7 9 10 | 10.4
Evocations     | 2 3 4 |  4.1

Action                     |  1- 3 |  4- 6 |  7- 9 || total
---------------------------+-------+-------+-------++-------
  Melee: Unarmed           |    11 |    19 |     4 ||    34
  Evoke: Wand              |     4 |     2 |     2 ||     8
    Use: Potion            |       |       |     3 ||     3
         Scroll            |       |       |     1 ||     1
 Armour: Robe              |     3 |     8 |    17 ||    28
  Dodge: Dodged            |     3 |     6 |    10 ||    19
  Block: Kite shield       |     5 |       |     7 ||    12

Table legend: (Time is in decaauts)
 A = Elapsed time spent in this place.
 B = Non-inter-level travel time spent in this place.
 C = Inter-level travel time spent in this place.
 D = Time resting spent in this place.
 E = Time spent auto-exploring this place.
 F = Levels seen in this place.
 G = Mean time per level.
                   A        B        C        D        E       F      G
               +--------+--------+--------+--------+--------+-----+--------+
         Total |    223 |    223 |      0 |     66 |      0 |   1 |  223.0 |
       Dungeon |    223 |    223 |      0 |     66 |      0 |   1 |  223.0 |
               +--------+--------+--------+--------+--------+-----+--------+

Top non-repeatable levels by time:
       D: 223 daAuts
